 Dungeon Crawl Stone Soup version 0.31-a0-161-gb58dd9be76 (webtiles) character file.

Game seed: 5616187111515354678

279 qw the Shooter (level 6, -1/38 HPs)
             Began as a Gargoyle Hunter on June 12, 2023.
             Slain by Edmund
             ... wielding a +6 dire flail of protection
              (2 damage)
             ... on level 4 of the Dungeon.
             The game lasted 00:00:53 (2383 turns).

qw the Shooter (Gargoyle Hunter)                    Turns: 2383, Time: 00:00:54

Health: -1/38      AC:  9    Str: 15    XL:     6   Next: 26%
Magic:  6/6        EV: 11    Int:  9    God:
Gold:   203        SH:  0    Dex: 15    Spells: 5/5 levels left

rFire   . . .        Y - +0 shortbow
rCold   + . .        (shield currently unavailable)
rNeg    + . .        g - +0 ring mail
rPois   inf          (no helmet)
rElec   +            (no cloak)
rCorr   .            (no gloves)
SInv    .            (no boots)
Will    .....        c - amulet of the Magpie {RegenMP rC+}
Stlth   +            (no ring)
HPRegen 0.26/turn    (no ring)
MPRegen 0.50/turn

%: no passive effects
@: no status effects
A: sickness immunity, AC +4, negative energy resistance 1, electricity
resistance, torment resistance 1, petrification resistance
a: no special abilities


You were on level 4 of the Dungeon.
You visited 1 branch of the dungeon, and saw 4 of its levels.

You collected 203 gold pieces.


Innate Abilities, Weirdness & Mutations

You are immune to sickness and miasma.
Your stone body is resilient. (AC +4)
You are immune to poison.
You resist negative energy. (rN+)
You are resistant to electric shocks. (rElec)
You are resistant to unholy torment.
You are immune to petrification.


   Skills:
 - Level 4.0 Fighting
 - Level 6.6 Ranged Weapons
 + Level 0.0 Armour
 - Level 1.5 Dodging
 - Level 1.1 Stealth


You had 5 spell levels left.
You didn't know any spells.
Your spell library was empty.

Inventory:

Hand Weapons
 Y - a +0 shortbow (weapon)
Armour
 g - a +0 ring mail (worn)
Jewellery
 c - the amulet of the Magpie (around neck) {RegenMP rC+}
   (You acquired it on level 3 of the Dungeon)

   [amulet of magic regeneration]

   It increases your rate of magic regeneration.
   rC:        It protects you from cold.
Scrolls
 i - 2 scrolls of teleportation
Potions
 a - a potion of invisibility {unknown}
 b - a potion of brilliance {unknown}
 d - a potion of ambrosia {unknown}
 e - a potion of heal wounds {unknown}
 h - a potion of curing {unknown}
 j - a potion of haste {unknown}

Dungeon Overview and Level Annotations

Branches:
Dungeon (4/15)
 Temple: D:4-7

Altars:
Elyvilon
Wu Jian

Annotations:
D:4 Edmund


Message History

Waypoint 3 assigned to D:4.
You open the door.
There is an open door here.
There is an open door here.
You open the door.
Edmund the Younger comes into view.
He is wielding a +6 dire flail of protection.
Edmund shouts!
You shoot an arrow. The arrow hits Edmund.
Edmund is lightly wounded.
You shoot an arrow. The arrow closely misses Edmund.
A scorpion comes into view.
You shoot an arrow. The arrow barely misses Edmund.
You shoot an arrow.
The arrow hits Edmund but does no damage.
Edmund is lightly wounded.
You shoot an arrow. The arrow hits Edmund.
Edmund is lightly wounded.
Edmund hits you with a +6 dire flail of protection!
You shoot an arrow. The arrow barely misses Edmund.
Edmund closely misses you.
You shoot an arrow. The arrow closely misses Edmund.
The arrow hits the scorpion but does no damage.
Edmund says, "People think my brother is the best.
I think he's crazy."
Edmund hits you but does no damage.
You shoot an arrow.
The arrow hits Edmund but does no damage.
Edmund is lightly wounded.
Edmund hits you with a +6 dire flail of protection.
You shoot an arrow.
The arrow hits Edmund but does no damage.
Edmund is lightly wounded.
Edmund hits you with a +6 dire flail of protection!
You shoot an arrow. The arrow hits Edmund.
Edmund is moderately wounded.
Edmund hits you with a +6 dire flail of protection.
You shoot an arrow. The arrow barely misses Edmund.
The arrow barely misses the scorpion.
Edmund hits you with a +6 dire flail of protection!
Edmund hits you with a +6 dire flail of protection.
You die...

#############
......<.....+
............#
...........<#
####.##..##.##
#..##+##..##'####
...........#....#
...........#....#
........@..#....#
#..#####@###...##
#. .s. ##### .
#.... #.....
#...... #.......
#######..


You could see Edmund and a scorpion.

Vanquished Creatures
  Sigmund (D:2)
  Natasha (D:3)
  4 adders
  A gnoll (D:1)
  A worm (D:2)
  4 dart slugs
  3 ball pythons (D:2)
  3 endoplasms
  2 giant cockroaches (D:2)
  6 goblins
  7 hobgoblins
  2 jackals (D:1)
  5 quokkas
  7 bats
  A frilled lizard (D:2)
  3 rats
51 creatures vanquished.

Notes
Turn   | Place    | Note
-------+----------+-------------------------------------------
     0 | D:1      | qw the Gargoyle Hunter began the quest for the Orb.
     0 | D:1      | Reached XP level 1. HP: 12/12 MP: 1/1
     0 | D:1      | 0 ||| qw: Version: 0.2-a-29-gc1b59c4
     0 | D:1      | 0 ||| qw: Game counter: 4197
     0 | D:1      | 0 ||| qw: Always use a shield: true
     0 | D:1      | 0 ||| qw: God list: Okawaru
     0 | D:1      | 0 ||| qw: Allow faded altars: false
     0 | D:1      | 0 ||| qw: Do Orc after D:15 true
     0 | D:1      | 0 ||| qw: Do second Lair branch before Depths: true
     0 | D:1      | 0 ||| qw: Lair rune preference: random
     0 | D:1      | 0 ||| qw: Plans: Normal, Zot:1-4, Slime:5, God:TSO, Crypt,
                  | Tomb, Abyss, Pan, Hells, Win
     0 | D:1      | 0 ||| PLANNING D:1-11
   239 | D:1      | Reached XP level 2. HP: 17/17 MP: 2/2
   466 | D:1      | Reached XP level 3. HP: 21/21 MP: 3/3
   581 | D:1      | Reached skill level 5 in Ranged Weapons
   906 | D:1      | 906 ||| READING 2 scrolls labelled BEBLASCH IMESM.
   907 | D:1      | 907 ||| READING scroll labelled TUICUNGUOCEEL.
   908 | D:1      | 908 ||| READING scroll labelled QIEDUA ANAIP.
   909 | D:1      | 909 ||| READING scroll labelled VUNTON YDWICRO.
   912 | D:1      | 912 ||| READING scroll labelled RUPAEH SESO.
   913 | D:1      | 913 ||| DROPPING scroll of poison.
   914 | D:1      | 914 ||| DROPPING scroll of butterflies.
  1174 | D:2      | Reached skill level 3 in Fighting
  1222 | D:2      | You fall into a shaft and drop 1 floor!
  1223 | D:3      | 1223 ||| READING scroll labelled ASHRAU MINU.
  1224 | D:3      | 1224 ||| READING scroll labelled HISI EWOKYGU.
  1358 | D:2      | Reached XP level 4. HP: 28/28 MP: 4/4
  1456 | D:2      | Noticed Sigmund
  1465 | D:2      | Killed Sigmund
  1466 | D:2      | Reached skill level 6 in Ranged Weapons
  1466 | D:2      | Reached XP level 5. HP: 32/32 MP: 5/5
  1694 | D:2      | Reached XP level 6. HP: 35/37 MP: 6/6
  1700 | D:2      | Found a white marble altar of Elyvilon.
  1935 | D:3      | Found an ornate altar of the Wu Jian Council.
  2018 | D:3      | Found a faded altar of an unknown god.
  2153 | D:3      | Noticed Natasha
  2158 | D:3      | Killed Natasha
  2267 | D:3      | Identified the +7 spear "Earthworm" {flame, SInv}
  2303 | D:3      | 2303 ||| UPGRADING to +0 ring mail.
  2313 | D:3      | 2313 ||| DROPPING +0 leather armour.
  2314 | D:3      | 2314 ||| READING scroll labelled HAAB VOON BOMPOE.
  2314 | D:3      | Identified a scroll of acquirement
  2314 | D:3      | 2314 ||| ACQUIRING amulet of the Magpie {RegenMP rC+}
  2314 | D:3      | Acquired the amulet of the Magpie {RegenMP rC+}
  2316 | D:3      | 2316 ||| UPGRADING to amulet of the Magpie {RegenMP rC+}.
  2372 | D:4      | Noticed Edmund
  2383 | D:4      | HP: 1/38 [Edmund/+6 dire flail of protection (14)]
  2383 | D:4      | Slain by Edmund

Levels and vault maps discovered:
D:1:      moated_graveyard_arrival, layout_basic, minivault_11,
          dreamdust_princess_bridge, palyth_stone_intersect
D:2:      layout_loops_corners, basic_altar, serial_glass, glass_columns_a,
          glass_columns_c, glass_columns_a, glass_columns_b, minmay_cut_off,
          uniq_sigmund
D:3:      layout_rooms, mainiacjoe_overflow_paths,
          ebering_ecumenical_altar_rust, dreamdust_wishing_well,
          minmay_misc_feat_doors, uniq_natasha
D:4:      layout_gridville, nicolae_ru_path_of_blood,
          cheibrodos_ashenzari_chains, grunt_ministairs_14, st_stairs_4,
          uniq_ijyb, uniq_edmund

Skill      XL: |  1  2  3  4  5  6 |
---------------+-------------------+-----
Ranged Weapons | 5 6 |  6.6
Fighting       | 3 4 |  4.0
Dodging        | |  1.5
Stealth        | |  1.1

Action                     |  1- 3 |  4- 6 || total
---------------------------+-------+-------++-------
   Fire: Shortbow          |   125 |    86 ||   211
    Use: Scroll            |     7 |     1 ||     8
 Armour: Leather armour    |    22 |    10 ||    32
         Ring mail         |       |     1 ||     1
  Dodge: Dodged            |    32 |    20 ||    52

Table legend:
 A = Non-vault XP
 B = Vault XP
 C = Vault XP percentage of total XP
 D = Non-vault monster count
 E = Vault monster count
 F = Vault count percentage of total count
                 A         B        C        D         E       F
            +---------+---------+-------+---------+---------+-------
      Total |     138 |     261 |  65.4 |      47 |       4 |   7.8
            +---------+---------+-------+---------+---------+-------
        D:1 |      41 |       0 |   0.0 |      18 |       0 |   0.0
        D:2 |      56 |     228 |  80.3 |      20 |       3 |  13.0
        D:3 |      41 |      33 |  44.6 |       9 |       1 |  10.0
            +---------+---------+-------+---------+---------+-------
